[Event "NJSK 2021 Jeugd A"]
[Site "Almelo, Netherlands"]
[Date "2021.08.07"]
[Round "7.8"]
[White "Verheul, Job"]
[Black "Sonneveld, David"]
[Result "0-1"]
[WhiteElo "1655"]
[BlackElo "1589"]
[PlyCount "54"]
[EventDate "2021.??.??"]
[TimeControl "90/40+30:0"]

1. e4 {0} c5 {4} 2. Nf3 {7} d6 {22} 3. Bb5+ {6} Nd7 {43} 4. d4 {9} cxd4 {4} 5.
Qxd4 {7} a6 {16} 6. Bxd7+ {7} Qxd7 {40} 7. Nc3 {35} e5 {12} 8. Qd3 {14} Qc6 {47
} 9. O-O {152} Be6 {26} 10. b3 {551} Rc8 {9} 11. Bb2 {86} h6 {264} 12. Rfd1 {
506} Nf6 {22} 13. Rac1 {172} Be7 {136} 14. Nd2 {1140} O-O {754} 15. Nf1 {165}
Nd7 {682} 16. Nd5 {772} Bg5 {236} 17. Nde3 Be7 {592} 18. Nd5 {576} Bxd5 {76}
19. exd5 {3} Qc7 {401} 20. c4 {55} f5 {429} 21. b4 {780} e4 {39} 22. Qb3 {2}
Bf6 {129} 23. Bxf6 {528} Rxf6 {3} 24. c5 {94} Ne5 {104} 25. cxd6 {113} Qxc1 {6}
26. Rxc1 {5} Rxc1 {4} 27. Qb2 {16} Nf3+ {17} 0-1

[Event "NJSK 2021 Jeugd A"]
[Site "Almelo, Netherlands"]
[Date "2021.08.07"]
[Round "7.9"]
[White "Verweij, David"]
[Black "Li-Behn, Tobias"]
[Result "1-0"]
[WhiteElo "1833"]
[BlackElo "1443"]
[PlyCount "125"]
[EventDate "2021.??.??"]
[TimeControl "90/40+30:0"]

1. e4 {2} e5 {10} 2. Nf3 {4} Nc6 {6} 3. Bc4 {4} Bc5 {16} 4. c3 {13} Nf6 {22} 5.
d3 {5} d6 {41} 6. O-O {16} O-O {10} 7. Nbd2 {20} a6 {87} 8. Bb3 {35} Ne7 {147}
9. d4 {62} exd4 {38} 10. cxd4 {7} Ba7 {32} 11. h3 {19} Ng6 {188} 12. Re1 {36}
c6 {420} 13. Nf1 {33} h6 {614} 14. Ng3 {80} Re8 {289} 15. Bc2 {178} Be6 {70}
16. Be3 {293} d5 {170} 17. e5 {164} Nd7 {22} 18. Qd2 {331} Qe7 {266} 19. Nh2 {
467} c5 {96} 20. f4 {34} Qh4 {522} 21. Ne2 {480} cxd4 {716} 22. Nxd4 {19} Bxd4
{148} 23. Qxd4 {20} Ne7 {50} 24. Bf2 {443} Qh5 {173} 25. g4 {21} Qxh3 {133} 26.
Re3 {12} Nc6 {160} 27. Qd2 {70} Qxe3 {100} 28. Bxe3 {31} Ndxe5 {82} 29. fxe5 {
51} Nxe5 {2} 30. Rf1 {46} Bxg4 {156} 31. Nxg4 {47} Nxg4 {2} 32. Bd4 {84} Ne5 {
186} 33. Bxe5 {42} Rxe5 {3} 34. Rf5 {36} Re6 {64} 35. Rxd5 {9} Rae8 {110} 36.
Rd8 {16} Kf8 {114} 37. Rxe8+ {36} Rxe8 {20} 38. Qd7 {49} Re1+ {70} 39. Kf2 {147
} Re7 {17} 40. Qc8+ {25} Re8 {7} 41. Qxb7 {6} Re6 {13} 42. Bf5 {42} Re8 {139}
43. Qxa6 {21} g6 {36} 44. Bxg6 {9} fxg6 {9} 45. Qf6+ {6} Kg8 {14} 46. Qxg6+ {6}
Kf8 {12} 47. Qxh6+ {6} Ke7 {21} 48. Qe3+ {8} Kd7 {14} 49. Qxe8+ {6} Kxe8 {10}
50. Ke3 {5} Kd7 {9} 51. Kd4 {7} Kc6 {39} 52. Kc4 {6} Kb6 {19} 53. Kb4 {9} Ka6 {
20} 54. Ka4 {5} Kb6 {9} 55. b4 {2} Ka6 {23} 56. b5+ {25} Kb6 {9} 57. Kb4 {11}
Kb7 {28} 58. a4 {8} Kb6 {20} 59. a5+ {9} Kb7 {24} 60. Kc5 {6} Ka7 {33} 61. Kc6
{13} Ka8 {11} 62. Kc7 {10} Ka7 {99} 63. b6+ {5} 1-0

[Event "NJSK 2021 Meisjes C"]
[Site "Almelo, Netherlands"]
[Date "2021.08.01"]
[Round "1.1"]
[White "Damen, Josephine"]
[Black "Pham, Lan"]
[Result "1/2-1/2"]
[WhiteElo "1343"]
[BlackElo "1702"]
[PlyCount "103"]
[EventDate "2021.??.??"]
[TimeControl "90/40+30:0"]

1. e4 {2} e5 {7} 2. Nf3 {4} Nc6 {19} 3. Bc4 {4} Nf6 {20} 4. d3 {7} h6 {11} 5.
Be3 {14} d6 {37} 6. Nc3 {64} Bg4 {37} 7. O-O {375} Be7 {171} 8. Nd5 {156} Na5 {
219} 9. Nxf6+ {280} Bxf6 {34} 10. Bb3 {66} Nxb3 {53} 11. axb3 {6} a6 {55} 12.
h3 {130} Bh5 {18} 13. g4 {26} Bg6 {13} 14. Qd2 {127} h5 {54} 15. g5 {108} Be7 {
22} 16. Nh4 {253} Qd7 {163} 17. Kg2 {253} Bh7 {114} 18. f4 {287} exf4 {84} 19.
Bxf4 {20} O-O-O {55} 20. Be3 {665} Rhf8 {84} 21. Bd4 {393} f6 {139} 22. g6 {35}
Bg8 {26} 23. Nf5 {68} Be6 {125} 24. Rf3 {129} Bxf5 {45} 25. Rxf5 {33} Qe8 {39}
26. Rg1 {153} Qxg6+ {27} 27. Kh1 {47} Qf7 {25} 28. Qg2 {332} g5 {135} 29. Qf2 {
290} Qe6 {85} 30. Qf3 {425} g4 {136} 31. hxg4 {77} hxg4 {8} 32. Rxg4 {25} Rf7 {
467} 33. Rg6 {433} Rh7+ {151} 34. Kg1 {62} Rg8 {50} 35. Rfg5 {215} Rxg6 {174}
36. Rxg6 {14} Qf7 {115} 37. Qf5+ {100} Kd8 {131} 38. Bxf6 {38} Bxf6 {32} 39.
Qxf6+ {104} Qxf6 {9} 40. Rxf6 {6} Rh5 {90} 41. b4 {433} Re5 {165} 42. Rf8+ {74}
Kd7 {17} 43. Kf2 {70} Kc6 {16} 44. Ke3 {48} Rh5 {209} 45. Kd4 {118} Kb5 {145}
46. Rf5+ {110} c5+ {44} 47. bxc5 {120} dxc5+ {90} 48. Kc3 {17} Rh7 {78} 49. d4
{188} Rh3+ {154} 50. Kd2 {25} Rh2+ {27} 51. Kd3 {861} Rh3+ {50} 52. Kd2 {28}
1/2-1/2

[Event "NJSK 2021 Meisjes C"]
[Site "Almelo, Netherlands"]
[Date "2021.08.01"]
[Round "1.2"]
[White "Maris, Lauri"]
[Black "Jorritsma, Eli Alia"]
[Result "1-0"]
[WhiteElo "1669"]
[BlackElo "1050"]
[PlyCount "95"]
[EventDate "2021.??.??"]
[TimeControl "90/40+30:0"]

1. e4 {2} c6 {6} 2. d4 {11} d5 {5} 3. exd5 {22} cxd5 {7} 4. c3 {18} Bf5 {12} 5.
Bf4 {57} e6 {13} 6. Bxb8 {44} Rxb8 {18} 7. Bb5+ {22} Ke7 {41} 8. Nf3 {61} Qb6 {
128} 9. Qb3 {130} a6 {41} 10. Be2 {194} Qxb3 {21} 11. axb3 {8} Nf6 {86} 12. O-O
{89} g6 {100} 13. Nbd2 {140} Bg7 {30} 14. Ne5 {42} Rhd8 {162} 15. g4 {406} Be4
{150} 16. f3 {47} Bh6 {118} 17. fxe4 {81} Bxd2 {18} 18. exd5 {36} Nxd5 {60} 19.
Rxf7+ {135} Kd6 {137} 20. Nc4+ {20} Kc6 {25} 21. Nxd2 {12} h5 {58} 22. Nc4 {194
} hxg4 {126} 23. Bxg4 {90} Nc7 {132} 24. Raf1 {216} b5 {120} 25. Bf3+ {44} Nd5
{15} 26. Bxd5+ {26} Kxd5 {39} 27. Ne5 {133} Rbc8 {180} 28. Rd7+ {80} Rxd7 {26}
29. Nxd7 {9} Kd6 {40} 30. Ne5 {54} Rc7 {77} 31. Rf7 {57} Rxf7 {16} 32. Nxf7+ {3
} Kd5 {13} 33. Ng5 {76} a5 {59} 34. Kf2 {15} e5 {19} 35. Ke3 {78} exd4+ {39}
36. cxd4 {18} Kd6 {24} 37. Ke4 {66} b4 {32} 38. Nf7+ {35} Ke6 {13} 39. Ne5 {8}
g5 {25} 40. Nc6 {23} Kd6 {24} 41. Nxa5 {11} Kd7 {27} 42. Ke5 {21} Ke7 {15} 43.
d5 {4} Kd7 {10} 44. d6 {13} Ke8 {18} 45. Ke6 {14} Kd8 {8} 46. d7 {10} g4 {7}
47. Kd6 {36} g3 {10} 48. Nc6# {Ke8 [%clk 01:14:10] [%emt 00:00:46] 8} 1-0

[Event "NJSK 2021 Meisjes C"]
[Site "Almelo, Netherlands"]
[Date "2021.08.01"]
[Round "1.3"]
[White "Wortman, Manixia"]
[Black "Feng, Elysia"]
[Result "0-1"]
[WhiteElo "995"]
[BlackElo "1650"]
[PlyCount "108"]
[EventDate "2021.??.??"]
[TimeControl "90/40+30:0"]

1. e4 {2} e5 {7} 2. Nf3 {4} Nc6 {5} 3. Bc4 {8} Bc5 {9} 4. c3 {19} Nf6 {7} 5. d4
{13} exd4 {5} 6. e5 {15} d5 {221} 7. Bb5 {49} Ne4 {250} 8. cxd4 {83} Bb6 {64}
9. O-O {192} Bg4 {102} 10. Bxc6+ {41} bxc6 {5} 11. Nc3 {164} O-O {109} 12. Re1
{223} f6 {212} 13. Nxe4 {142} dxe4 {12} 14. Rxe4 {44} Bxf3 {14} 15. Qxf3 {166}
fxe5 {18} 16. Qb3+ {52} Qd5 {189} 17. Qxd5+ {282} cxd5 {8} 18. Rxe5 {72} Bxd4 {
13} 19. Re2 {24} Rae8 {45} 20. Be3 {131} Bb6 {62} 21. Rae1 {98} Ba5 {62} 22.
Rd1 {62} Rf5 {203} 23. Rc2 {206} Bb6 {69} 24. Bxb6 {83} cxb6 {6} 25. h3 {177}
Rd8 {19} 26. Rc7 {95} Rf7 {10} 27. Rc3 {64} Rfd7 {44} 28. Rcd3 {44} Kf7 {37}
29. Kf1 {49} Ke6 {17} 30. Rd4 {73} Rc8 {46} 31. Ke2 {289} Rc2+ {19} 32. R1d2 {
40} Rc1 {74} 33. Kf3 {243} Rh1 {241} 34. Re2+ {139} Kf6 {48} 35. Kf4 {93} Rc1 {
202} 36. Red2 {101} Ke6 {54} 37. Re2+ {34} Kd6 {78} 38. Red2 {168} Kc5 {65} 39.
Kf5 {176} Rc4 {126} 40. Rxc4+ {87} Kxc4 {6} 41. Ke6 {27} Rd8 {11} 42. Ke7 {68}
Rb8 {11} 43. Ke6 {53} d4 {10} 44. Ke5 {62} Re8+ {18} 45. Kf4 {23} d3 {33} 46.
Kf3 {38} Kd4 {12} 47. g3 {157} Rc8 {42} 48. Rd1 {167} Rc2 {21} 49. Rb1 {296}
Re2 {113} 50. Kg2 {129} d2 {36} 51. Kf1 {36} Kd3 {26} 52. Rd1 {54} Re5 {13} 53.
f4 {115} Rc5 {8} 54. Kf2 {79} Rc1 {13} 0-1

[Event "NJSK 2021 Meisjes C"]
[Site "Almelo, Netherlands"]
[Date "2021.08.01"]
[Round "1.4"]
[White "Gergin, Isafara"]
[Black "Visser, Alma"]
[Result "1-0"]
[WhiteElo "1650"]
[BlackElo "910"]
[PlyCount "57"]
[EventDate "2021.??.??"]
[TimeControl "90/40+30:0"]

1. e4 {2} e5 {6} 2. Nf3 {6} Nc6 {19} 3. Bc4 {10} Bc5 {12} 4. c3 {7} Nf6 {10} 5.
d3 {10} d6 {13} 6. Bb3 {15} Bg4 {29} 7. h3 {18} Bh5 {13} 8. g4 {50} Bg6 {10} 9.
Nbd2 {24} Na5 {102} 10. Bc2 {53} d5 {133} 11. b4 {453} dxe4 {89} 12. dxe4 {179}
Bxf2+ {72} 13. Kxf2 {110} Nc6 {79} 14. b5 {249} Ne7 {78} 15. Nxe5 {246} Qd6 {
107} 16. Nxg6 {474} Nxg6 {43} 17. Nf3 {97} Qc5+ {192} 18. Qd4 {119} Qxb5 {98}
19. Ba4 {43} Rd8 {118} 20. Bxb5+ {21} c6 {22} 21. Qb4 {123} cxb5 {57} 22. Qxb5+
{10} Rd7 {24} 23. Ne5 {175} Nxe5 {64} 24. Qxe5+ {14} Re7 {9} 25. Qb8+ {33} Kd7
{24} 26. Rd1+ {35} Kc6 {63} 27. Qd6+ {27} Kb5 {44} 28. Rb1+ {22} Kc4 {32} 29.
Qd4# {19} 1-0

[Event "NJSK 2021 Meisjes C"]
[Site "Almelo, Netherlands"]
[Date "2021.08.01"]
[Round "1.5"]
[White "Luijkx, Dagmar"]
[Black "Yeh, Nora"]
[Result "1-0"]
[WhiteElo "822"]
[BlackElo "1650"]
[PlyCount "109"]
[EventDate "2021.??.??"]
[TimeControl "90/40+30:0"]

1. e4 {3} e5 {6} 2. Nc3 {19} Nc6 {10} 3. f4 {47} exf4 {64} 4. Nf3 {45} d6 {43}
5. d4 {67} g5 {66} 6. h4 {96} g4 {155} 7. d5 {275} Ne5 {450} 8. Nd4 {327} Bh6 {
472} 9. Bb5+ {277} Bd7 {227} 10. Bxd7+ {93} Qxd7 {83} 11. Nf5 {292} O-O-O {795}
12. Nxh6 {192} Nxh6 {62} 13. Bxf4 {272} Ng8 {266} 14. Qd4 {176} Kb8 {547} 15.
Bxe5 {94} dxe5 {44} 16. Qxe5 {40} f6 {157} 17. Qd4 {198} h5 {266} 18. e5 {179}
fxe5 {107} 19. Qe4 {370} Nf6 {170} 20. Qc4 {182} Nxd5 {222} 21. O-O-O {166} Ne3
{511} 22. Rxd7 {134} Nxc4 {17} 23. Re7 {46} Rde8 {134} 24. Rd7 {52} Ne3 {123}
25. g3 {276} Nf5 {139} 26. Rg1 {95} Kc8 {291} 27. Rf7 {148} Ref8 {93} 28. Rxf8+
{15} Rxf8 {17} 29. Rf1 {13} Rf7 {237} 30. Ne4 {113} Nh6 {168} 31. Rxf7 {50}
Nxf7 {7} 32. Nf6 {13} Nh6 {127} 33. Nxh5 {18} Kd7 {77} 34. Kd2 {23} Ke6 {108}
35. Ke3 {61} c5 {101} 36. Ke4 {34} b5 {79} 37. Ng7+ {17} Kf6 {49} 38. Ne8+ {11}
Ke7 {74} 39. Nc7 {15} Kf6 {39} 40. Nxb5 {12} a6 {8} 41. Nc7 {11} Nf7 {23} 42.
Nxa6 {17} Nd6+ {16} 43. Kd5 {21} Nf5 {135} 44. Nxc5 {10} Nxg3 {72} 45. Ne4+ {
164} Nxe4 {20} 46. Kxe4 {10} Kg6 {107} 47. a4 {166} Kh5 {15} 48. a5 {16} Kxh4 {
17} 49. a6 {22} g3 {18} 50. a7 {10} g2 {15} 51. a8=Q {11} g1=Q {12} 52. Qh8+ {7
} Kg3 {9} 53. Qg8+ {17} Kf2 {6} 54. Qxg1+ {29} Kxg1 {9} 55. Kxe5 {10} 1-0

[Event "NJSK 2021 Meisjes C"]
[Site "Almelo, Netherlands"]
[Date "2021.08.01"]
[Round "1.6"]
[White "Westerhof, Fleur"]
[Black "Liu, Chia-Yun"]
[Result "1-0"]
[WhiteElo "1502"]
[BlackElo "813"]
[PlyCount "95"]
[EventDate "2021.??.??"]
[TimeControl "90/40+30:0"]

1. e4 {4} e5 {10} 2. Nf3 {6} Nc6 {11} 3. d4 {7} exd4 {22} 4. Bc4 {10} Bc5 {41}
5. O-O {45} Nge7 {59} 6. Bg5 {94} O-O {59} 7. c3 {46} dxc3 {89} 8. Nxc3 {28} h6
{62} 9. Bh4 {13} d6 {37} 10. Nd5 {422} Qd7 {229} 11. Bb5 {100} Ng6 {278} 12.
Bf6 {203} a6 {143} 13. Bc4 {651} Nce7 {210} 14. Nxe7+ {497} Nxe7 {61} 15. Bc3 {
65} Ng6 {164} 16. b4 {98} Ba7 {51} 17. Qb3 {17} b5 {127} 18. Bd3 {30} c5 {150}
19. Qb2 {42} f6 {218} 20. bxc5 {92} dxc5 {69} 21. Rad1 {34} Qc7 {77} 22. e5 {87
} b4 {187} 23. Bxg6 {41} bxc3 {39} 24. Qxc3 {20} Bg4 {164} 25. Qc4+ {84} Kh8 {
89} 26. Qxg4 {129} fxe5 {117} 27. Rd7 {47} Rf4 {88} 28. Qh3 {94} Qc8 {107} 29.
Nxe5 {95} Qf8 {200} 30. Be4 {84} Qe8 {236} 31. Bxa8 {40} Qxe5 {46} 32. Rd8+ {34
} Kh7 {31} 33. Qd3+ {12} Qf5 {143} 34. Qxf5+ {13} Rxf5 {15} 35. Be4 {5} Kg6 {77
} 36. Rf8 {15} c4 {78} 37. Bxf5+ {8} Kg5 {49} 38. Rf7 {11} Bd4 {33} 39. g3 {35}
g6 {35} 40. h4+ {14} Kh5 {21} 41. Be6 {23} c3 {51} 42. Rc1 {71} g5 {66} 43. Bf5
{51} g4 {37} 44. Bh7 {30} Bxf2+ {84} 45. Kg2 {16} Be3 {33} 46. Rf5+ {18} Bg5 {
16} 47. hxg5 {6} hxg5 {37} 48. Rh1# {8} 1-0

[Event "NJSK 2021 Meisjes C"]
[Site "Almelo, Netherlands"]
[Date "2021.08.01"]
[Round "1.7"]
[White "Knobbe, Elise"]
[Black "Ganeshram, Nirupa"]
[Result "0-1"]
[WhiteElo "767"]
[BlackElo "1378"]
[PlyCount "88"]
[EventDate "2021.??.??"]
[TimeControl "90/40+30:0"]

1. c4 {7} e6 {19} 2. Nc3 {15} d5 {68} 3. d4 {28} c5 {50} 4. e3 {37} Nf6 {58} 5.
Nf3 {42} Nc6 {54} 6. Be2 {32} Be7 {124} 7. O-O {26} b6 {96} 8. b3 {27} Bb7 {78}
9. Bb2 {44} O-O {50} 10. a3 {65} Qd7 {208} 11. Qc2 {56} Rac8 {195} 12. Rab1 {75
} Rfd8 {296} 13. Rfd1 {67} Qc7 {294} 14. Rbc1 {356} dxc4 {515} 15. bxc4 {76}
Na5 {140} 16. Qd3 {612} cxd4 {123} 17. Nb5 {114} Qb8 {67} 18. exd4 {85} a6 {95}
19. Nc3 {109} Nxc4 {75} 20. Qc2 {122} Nxa3 {90} 21. Bxa3 {60} Bxa3 {23} 22. Rb1
{247} b5 {41} 23. Qb3 {93} Bd6 {67} 24. Rbc1 {255} Bxf3 {70} 25. Bxf3 {27}
Bxh2+ {21} 26. Kh1 {34} Qf4 {251} 27. Ne2 {71} Qh6 {54} 28. Rxc8 {141} Rxc8 {37
} 29. Bb7 {79} Rd8 {86} 30. Bxa6 {45} Be5+ {40} 31. Kg1 {67} Qh2+ {17} 32. Kf1
{19} Qh1+ {29} 33. Ng1 {16} Bh2 {51} 34. Ke2 {27} Bxg1 {41} 35. Rc1 {65} Qh5+ {
19} 36. Kf1 {25} Bh2 {72} 37. Qb2 {103} Bf4 {148} 38. Rb1 {47} Qh1+ {70} 39.
Ke2 {20} Qxg2 {20} 40. Qxb5 {93} Ne4 {41} 41. Rf1 {66} Nc3+ {20} 42. Ke1 {28}
Qe4+ {55} 43. Qe2 {23} Qb1+ {19} 44. Qd1 {15} Qxd1# {9} 0-1

[Event "NJSK 2021 Meisjes C"]
[Site "Almelo, Netherlands"]
[Date "2021.08.02"]
[Round "2.1"]
[White "Westerhof, Fleur"]
[Black "Maris, Lauri"]
[Result "0-1"]
[WhiteElo "1502"]
[BlackElo "1669"]
[PlyCount "75"]
[EventDate "2021.??.??"]
[TimeControl "90/40+30:0"]

1. e4 {3} e5 {4} 2. Nf3 {7} Nc6 {5} 3. Bc4 {7} Bc5 {55} 4. b4 {8} Bxb4 {8} 5.
c3 {8} Ba5 {37} 6. d4 {9} exd4 {27} 7. O-O {12} dxc3 {157} 8. Ng5 {335} Nh6 {
109} 9. Qb3 {169} Qf6 {1038} 10. Na3 {7} Bb6 {215} 11. Nb5 {604} Na5 {419} 12.
Qb4 {121} Nxc4 {44} 13. Qxc4 {9} c6 {91} 14. Na3 {341} O-O {205} 15. Nf3 {227}
Ng4 {103} 16. Bg5 {212} Qe6 {159} 17. Qxc3 {318} Qxe4 {186} 18. Rae1 {232} Qf5
{133} 19. h3 {27} Nf6 {524} 20. Re5 {156} Nd5 {334} 21. Qc4 {554} Qg6 {84} 22.
Nh4 {960} Qd6 {128} 23. Bf4 {59} Qxa3 {24} 24. Bh6 {403} Qb4 {152} 25. Qxb4 {54
} Nxb4 {5} 26. Rg5 {14} Bd4 {77} 27. Nf5 {30} Bf6 {34} 28. Rg3 {21} Kh8 {126}
29. Nxg7 {59} Rg8 {19} 30. Nh5 {10} Bd4 {144} 31. Rxg8+ {87} Kxg8 {13} 32. Nf6+
{13} Bxf6 {9} 33. Re1 {5} Be5 {39} 34. Rxe5 {10} f6 {9} 35. Re8+ {39} Kf7 {8}
36. Rf8+ {7} Kg6 {25} 37. Bd2 {11} Nd5 {27} 38. Bc1 {35} 0-1

[Event "NJSK 2021 Meisjes C"]
[Site "Almelo, Netherlands"]
[Date "2021.08.02"]
[Round "2.2"]
[White "Feng, Elysia"]
[Black "Luijkx, Dagmar"]
[Result "1-0"]
[WhiteElo "1650"]
[BlackElo "822"]
[PlyCount "103"]
[EventDate "2021.??.??"]
[TimeControl "90/40+30:0"]

1. e4 {1} e5 {11} 2. Nf3 {4} Nc6 {21} 3. Bb5 {11} a6 {38} 4. Bxc6 {8} dxc6 {19}
5. O-O {10} Nf6 {26} 6. Nxe5 {40} Qd4 {71} 7. Nf3 {17} Qd8 {26} 8. Nc3 {58} Bc5
{90} 9. d4 {45} Bb6 {70} 10. Bg5 {31} h6 {33} 11. Bh4 {73} g5 {84} 12. Bg3 {14}
Bg4 {160} 13. Be5 {495} Rg8 {281} 14. Re1 {301} Nd7 {394} 15. Bg3 {426} Bxf3 {
205} 16. gxf3 {8} h5 {171} 17. h3 {39} h4 {75} 18. Bh2 {14} Nf6 {86} 19. d5 {
215} Qd7 {78} 20. Kg2 {190} O-O-O {116} 21. dxc6 {267} Qxc6 {154} 22. Qe2 {42}
Nh5 {127} 23. Nd5 {107} Nf4+ {53} 24. Bxf4 {16} gxf4+ {16} 25. Kh2 {17} Qe6 {
418} 26. Rad1 {604} Bd4 {172} 27. Rxd4 {333} c6 {67} 28. Nb6+ {62} Kc7 {92} 29.
Rxd8 {13} Kxd8 {17} 30. b3 {224} Kc7 {130} 31. Nc4 {58} b5 {58} 32. Nd2 {45} f5
{125} 33. exf5 {29} Qxf5 {12} 34. Qe5+ {23} Qxe5 {26} 35. Rxe5 {6} Rd8 {32} 36.
Re7+ {60} Kd6 {34} 37. Ra7 {14} Ke6 {48} 38. Ne4 {15} a5 {74} 39. Rxa5 {14} Rd1
{33} 40. a4 {28} b4 {47} 41. Rc5 {15} Kd7 {45} 42. Rc4 {17} Rc1 {24} 43. Rxb4 {
30} Rxc2 {8} 44. a5 {24} Ra2 {16} 45. Ra4 {6} Rb2 {6} 46. b4 {10} Rb1 {64} 47.
a6 {12} Kc7 {14} 48. a7 {7} Rxb4 {87} 49. Rxb4 {6} c5 {28} 50. Rb8 {14} c4 {25}
51. a8=Q {6} c3 {15} 52. Qb7# {6} 1-0

[Event "NJSK 2021 Meisjes C"]
[Site "Almelo, Netherlands"]
[Date "2021.08.02"]
[Round "2.3"]
[White "Ganeshram, Nirupa"]
[Black "Gergin, Isafara"]
[Result "1/2-1/2"]
[WhiteElo "1378"]
[BlackElo "1650"]
[PlyCount "119"]
[EventDate "2021.??.??"]
[TimeControl "90/40+30:0"]

1. b3 {3} e5 {38} 2. Bb2 {9} Nc6 {16} 3. e3 {17} Nf6 {41} 4. Bb5 {24} d6 {61}
5. d4 {84} exd4 {253} 6. Qxd4 {357} Bd7 {200} 7. Qf4 {260} Nh5 {805} 8. Qe4+ {
544} Qe7 {246} 9. Qxe7+ {88} Bxe7 {80} 10. Nf3 {92} Nf6 {301} 11. Nbd2 {243} a6
{179} 12. Bd3 {104} Nb4 {383} 13. O-O {333} Nxd3 {493} 14. cxd3 {54} Bb5 {92}
15. Nc4 {122} O-O {328} 16. Rac1 {165} Nd7 {267} 17. Nd4 {487} Bf6 {463} 18.
Rc2 {295} Bxd4 {166} 19. Bxd4 {143} c5 {400} 20. Ba1 {108} d5 {333} 21. Nb2 {
189} a5 {79} 22. Rd1 {367} Rac8 {41} 23. Rcd2 {481} Rfd8 {72} 24. Rc1 {167} Ba6
{120} 25. Na4 {164} b5 {71} 26. Nc3 {65} Nb6 {88} 27. h3 {497} c4 {224} 28. Rb1
{298} b4 {47} 29. dxc4 {246} bxc3 {35} 30. Bxc3 {13} dxc4 {49} 31. Bxa5 {107}
Rxd2 {21} 32. Bxd2 {9} c3 {17} 33. Be1 {36} c2 {12} 34. Rc1 {11} Nd7 {32} 35.
Bd2 {44} Ne5 {24} 36. Kh2 {45} Nd3 {12} 37. Ra1 {42} c1=Q {62} 38. Bxc1 {1}
Nxc1 {18} 39. b4 {15} Nd3 {124} 40. a3 {58} Ra8 {93} 41. f3 {21} Bb5 {25} 42.
Kg3 {19} Nxb4 {32} 43. Rb1 {16} Rxa3 {217} 44. Rxb4 {8} Be8 {23} 45. Re4 {14}
Kf8 {15} 46. Kf2 {43} f6 {37} 47. Rh4 {19} h5 {43} 48. Rd4 {31} g5 {108} 49. h4
{146} Kg7 {87} 50. hxg5 {33} fxg5 {33} 51. Rd5 {14} Kf6 {88} 52. Rd6+ {97} Ke5
{67} 53. Rd4 {56} Ra2+ {60} 54. Kg3 {15} h4+ {113} 55. Kh3 {104} Bb5 {298} 56.
f4+ {174} gxf4 {313} 57. Rxf4 {27} Bd7+ {143} 58. g4 {232} Ra3 {155} 59. Kxh4 {
133} Rxe3 {29} 60. Rf7 {130} 1/2-1/2

[Event "NJSK 2021 Meisjes C"]
[Site "Almelo, Netherlands"]
[Date "2021.08.02"]
[Round "2.4"]
[White "Pham, Lan"]
[Black "Yeh, Nora"]
[Result "1/2-1/2"]
[WhiteElo "1702"]
[BlackElo "1650"]
[PlyCount "34"]
[EventDate "2021.??.??"]
[TimeControl "90/40+30:0"]

1. e4 {3} e5 {6} 2. Nf3 {8} Nc6 {7} 3. Bc4 {11} Bc5 {10} 4. Nc3 {8} Nf6 {11} 5.
d3 {11} d6 {9} 6. Bg5 {9} h6 {10} 7. Bh4 {8} g5 {20} 8. Bg3 {10} Bg4 {14} 9.
Ne2 {139} Bxf3 {56} 10. gxf3 {9} Nd4 {167} 11. Nxd4 {93} Bxd4 {43} 12. c3 {101}
Bb6 {103} 13. Qd2 {95} Qe7 {132} 14. O-O-O {121} O-O-O {106} 15. Bb3 {534} Rhg8
{356} 16. h4 {505} Nh5 {849} 17. hxg5 {74} Nxg3 {379} 1/2-1/2

[Event "NJSK 2021 Meisjes C"]
[Site "Almelo, Netherlands"]
[Date "2021.08.02"]
[Round "2.5"]
[White "Jorritsma, Eli Alia"]
[Black "Damen, Josephine"]
[Result "0-1"]
[WhiteElo "1050"]
[BlackElo "1343"]
[PlyCount "54"]
[EventDate "2021.??.??"]
[TimeControl "90/40+30:0"]

1. Nf3 {0} d5 {6} 2. b3 {5} Bf5 {12} 3. Bb2 {10} e6 {11} 4. e3 {12} Nf6 {16} 5.
d4 {31} Nc6 {70} 6. Bb5 {43} Bd6 {388} 7. c4 {162} Bb4+ {520} 8. Nbd2 {94} Ne4
{263} 9. Rc1 {328} Bg4 {467} 10. Rc2 {683} Bxd2+ {51} 11. Rxd2 {11} Nxd2 {8}
12. Qxd2 {7} Bxf3 {208} 13. gxf3 {10} O-O {136} 14. c5 {120} Qf6 {373} 15. Ke2
{139} Qh4 {526} 16. Bd3 {492} f5 {120} 17. Qc2 {305} Nb4 {117} 18. Qc3 {134}
Nxd3 {50} 19. Qxd3 {13} c6 {33} 20. Qc3 {145} Rf7 {365} 21. a4 {206} Raf8 {80}
22. f4 {164} Qg4+ {187} 23. Kf1 {252} Rf6 {183} 24. Rg1 {126} Qd1+ {17} 25. Qe1
{8} Qxb3 {16} 26. Qa1 {83} Rh6 {78} 27. Rg2 {52} Rff6 {92} 0-1

[Event "NJSK 2021 Meisjes C"]
[Site "Almelo, Netherlands"]
[Date "2021.08.02"]
[Round "2.6"]
[White "Liu, Chia-Yun"]
[Black "Wortman, Manixia"]
[Result "1-0"]
[WhiteElo "813"]
[BlackElo "995"]
[PlyCount "51"]
[EventDate "2021.??.??"]
[TimeControl "90/40+30:0"]

1. e4 {1} c6 {8} 2. d4 {14} d5 {12} 3. Nc3 {19} dxe4 {14} 4. Nxe4 {24} Bf5 {10}
5. Ng3 {22} Bg6 {27} 6. Nf3 {44} Nf6 {53} 7. h4 {35} h6 {105} 8. h5 {63} Bh7 {
17} 9. Bd3 {46} Bxd3 {32} 10. Qxd3 {35} e6 {44} 11. Bd2 {33} Bd6 {50} 12. Ne4 {
29} Nxe4 {61} 13. Qxe4 {38} Nd7 {42} 14. O-O-O {88} Nf6 {27} 15. Qe2 {76} O-O {
56} 16. g4 {83} Nxg4 {151} 17. Rhg1 {62} Nf6 {199} 18. Bxh6 {55} Nxh5 {87} 19.
Ne5 {218} Qh4 {199} 20. Rh1 {210} Nf4 {121} 21. Qf3 {219} Qf6 {463} 22. Bxf4 {
104} c5 {76} 23. Kb1 {79} Rfd8 {365} 24. Qh5 {267} Kf8 {226} 25. Bg5 {75} Qf5 {
160} 26. Qh8# {41} 1-0

[Event "NJSK 2021 Meisjes C"]
[Site "Almelo, Netherlands"]
[Date "2021.08.02"]
[Round "2.7"]
[White "Visser, Alma"]
[Black "Knobbe, Elise"]
[Result "0-1"]
[WhiteElo "910"]
[BlackElo "767"]
[PlyCount "114"]
[EventDate "2021.??.??"]
[TimeControl "90/40+30:0"]

1. c4 {1} c5 {20} 2. Nc3 {5} Nc6 {9} 3. g3 {5} g6 {13} 4. Bg2 {5} Bg7 {17} 5.
Nf3 {7} e6 {13} 6. O-O {11} Nge7 {11} 7. d3 {80} O-O {34} 8. Be3 {43} b6 {95}
9. Qd2 {56} d5 {147} 10. cxd5 {86} exd5 {47} 11. Bh6 {35} Bb7 {104} 12. Bxg7 {
51} Kxg7 {42} 13. a3 {127} Qd7 {177} 14. Na2 {108} Rfe8 {188} 15. b4 {72} Nf5 {
326} 16. e4 {192} Nfe7 {190} 17. exd5 {141} Qxd5 {248} 18. Ng5 {79} Qd7 {468}
19. Qc3+ {132} Qd4 {537} 20. Qb3 {181} Qf6 {288} 21. Ne4 {150} Qe5 {140} 22. b5
{136} Nd4 {193} 23. Qd1 {223} Nxb5 {160} 24. Qa4 {207} Bc6 {101} 25. f4 {171}
Qd4+ {95} 26. Qxd4+ {51} Nxd4 {12} 27. Nac3 {191} Rad8 {185} 28. Rfe1 {101} Nc2
{146} 29. a4 {152} Nxa1 {22} 30. Rxa1 {10} Rxd3 {14} 31. Nb5 {78} a6 {67} 32.
Nc7 {48} Red8 {31} 33. Nf2 {65} R3d4 {83} 34. Re1 {53} Bxg2 {33} 35. Rxe7 {19}
R8d7 {24} 36. Ne6+ {221} Kh6 {156} 37. Nxd4 {38} Rxe7 {16} 38. Kxg2 {64} cxd4 {
14} 39. h4 {38} Rd7 {91} 40. Nd3 {19} b5 {69} 41. axb5 {70} axb5 {10} 42. Kf2 {
10} Kg7 {64} 43. Ke2 {114} Kf6 {21} 44. Ne5 {25} Rd5 {37} 45. Ng4+ {95} Ke6 {44
} 46. Nf2 {31} b4 {36} 47. Nd3 {38} b3 {31} 48. Kd2 {16} Rb5 {32} 49. Kc1 {32}
Kd5 {19} 50. Kb2 {27} Ke4 {28} 51. Nf2+ {24} Kf3 {20} 52. Nh1 {79} d3 {27} 53.
g4 {37} d2 {13} 54. f5 {15} d1=Q {25} 55. fxg6 {23} hxg6 {21} 56. h5 {14} Qc2+
{22} 57. Ka3 {17} Qa2# {10} 0-1